 Dungeon Crawl Stone Soup version 0.22.1-1-ga44c0e5 (webtiles) character file.

30 Fang the Skirmisher (level 3, -3/36 HPs)
             Began as a Gargoyle Berserker on Sept 27, 2018.
             Was a Follower of Trog.
             Slain by a worm (10 damage)
             ... on level 2 of the Dungeon.
             The game lasted 00:00:37 (807 turns).

Fang the Skirmisher (Gargoyle Berserker)             Turns: 807, Time: 00:00:38

Health: -3/36      AC:  5    Str: 26    XL:     3   Next: 18%
Magic:  3/3        EV: 12    Int:  7    God:    Trog [*.....]
Gold:   86         SH:  0    Dex:  9    Spells: 2/2 levels left

rFire    . . .     SeeInvis .   a - +0 hand axe
rCold    . . .     Gourm    .   (no shield)
rNeg     + . .     Faith    .   b - +0 animal skin
rPois    ∞         Spirit   .   (no helmet)
rElec    +         Reflect  .   (no cloak)
rCorr    .         Harm     .   (no gloves)
MR       .....                  (no boots)
Stlth    ..........             (no amulet)
HPRegen  0.12/turn              (no ring)
MPRegen  0.08/turn              (no ring)

@: berserking, very quick
A: negative energy resistance 1, electricity resistance, unbreathing,
petrification resistance, rot immunity, AC +3
a: Berserk, Renounce Religion


You were on level 2 of the Dungeon.
You worshipped Trog.
Trog was aware of your devotion.
You were very hungry.

You visited 1 branch of the dungeon, and saw 2 of its levels.

You collected 86 gold pieces.

Inventory:

Hand Weapons
 a - a +0 hand axe (weapon)
Armour
 b - a +0 animal skin (worn)
Jewellery
 k - an uncursed amulet of rage {unknown}
Scrolls
 e - a scroll of teleportation {unknown}
 f - a scroll of random uselessness {unknown}
 h - 3 scrolls of identify {unknown}
 j - a scroll of remove curse {unknown}
Potions
 d - 3 potions of magic {unknown}
 g - a potion of curing {unknown}
 i - a potion of flight {unknown}
Comestibles
 c - a ration


   Skills:
 + Level 3.8 Fighting
 + Level 3.2 Axes
 + Level 2.4 Armour
 + Level 1.7 Dodging
 + Level 0.1 Stealth


You had 2 spell levels left.
You didn't know any spells.
Your spell library was empty.

Dungeon Overview and Level Annotations

Branches:
Dungeon (2/15)

Altars:


Innate Abilities, Weirdness & Mutations

You are resistant to torment.
Your stone body is resilient. (AC +3)
You are immune to poison.
You resist negative energy. (rN+)
You are resistant to electric shocks. (rElec)
You can survive without breathing.
You are immune to petrification.
You are immune to rotting.


Message History

* * * LOW HITPOINT WARNING * * *
You are too injured to fight recklessly!
You are too injured to fight recklessly!
You are too injured to fight recklessly!
You are too injured to fight recklessly!
You are too injured to fight recklessly!
You are too injured to fight recklessly!
You are too injured to fight recklessly!
You are too injured to fight recklessly!
You are too injured to fight recklessly!
You are too injured to fight recklessly!
A red film seems to cover your vision as you go berserk!
You feel yourself moving faster!
You feel mighty!
You are feeling very hungry.
The bat hits you but does no damage. x2
You slash the worm!
The worm is almost dead.
You closely miss the bat. The bat hits you but does no damage.
The bat barely misses you. The worm bites you!
You die...

#.# #.....# #.###
####### #<..# ##
###.# ... # ###.##
.... .#. ... .....
#.#..... #
#...##w#.##.#. #
#...b@......#.# #
#...##.#.#### #
### #.# #
#.########## #
##.##.......# #
#...#.#####.# #
#.#.†....##.######
#...#.##..........
#####.#####.######


You could see a worm and a bat.

Vanquished Creatures
  An adder (D:2)
  2 bats (D:1)
  3 goblins (D:1)
  2 hobgoblins (D:1)
  4 jackals (D:1)
  2 frilled lizards
  3 kobolds (D:1)
  2 rats (D:1)
19 creatures vanquished.

Notes
Turn   | Place    | Note
-------+----------+-------------------------------------------
     0 | D:1      | Fang the Gargoyle Berserker began the quest for the Orb.
     0 | D:1      | Reached XP level 1. HP: 14/14 MP: 1/1
    93 | D:1      | Reached XP level 2. HP: 14/19 MP: 2/2
   801 | D:2      | Reached XP level 3. HP: 20/24 MP: 3/3
   807 | D:2      | Slain by a worm

Skill      XL: |  1  2 |
---------------+-------+-----
Axes           | 3 |  3.2
Fighting       | |  3.8
Armour         | |  2.4
Dodging        | |  1.7
Stealth        | |  0.1

Action                   || total
-------------------------++-------
Melee: Hand axe          ||    46
Invok: Berserk           ||     2
 Stab: Sleeping          ||     1
Armor: Animal skin       ||    21
Dodge: Dodged            ||    34
